 Dungeon Crawl Stone Soup version bcrawl-1.41.1 (webtiles) character file.

Game seed: 6638517989079711329

493370 TheWayOfAllFlesh the Destroyer (level 15, -23/99 HPs)
             Began as a Fairy Conjurer on Apr 24, 2024.
             Was the Champion of Sif Muna.
             Killed from afar by a slime creature (57 damage)
             ... with an exploding inner flame
             ... hexed by the player character
             ... in the Orcish Mines.
             The game lasted 01:19:00 (22988 turns).

TheWayOfAllFlesh the Destroyer (Fairy Conjurer)    Turns: 22988, Time: 01:19:00

Health: -23/99     AC: 11    Str:  6    XL:     15   Next: 89%
Magic:  19/34      EV: 24    Int: 24    God:    Sif Muna [******]
Gold:   1874       SH: 15    Dex: 14    Spells: 6/43 levels left

rFire    . . .     GDR:     26% b - +5 war axe "Jehal" {speed, MR+}
rCold    + . .     SeeInvis .   R - +0 buckler
rNeg     . . .     Gourm    .   (armour unavailable)
rPois    .         Faith    .   (no helmet)
rElec    .         Spirit   .   y - scarf {repulsion}
rCorr    .         Reflect  .   f - +1 pair of gloves
MR       ++...                  c - +0 pair of boots
Stlth    +.........             S - amulet of magic regeneration
HPRegen  0.26/turn              I - ring of wizardry
MPRegen  0.56/turn              O - ring of protection from cold

@: flying evasively, repel missiles
A: small, magic attunement, unstealthy, unfitting armour, able to fly, AC/SH +8
a: Stop Flying, Divine Energy, Channel Magic, Forget Spell, Moment of Magic,
Renounce Religion


You were in the Orcish Mines.
You worshipped Sif Muna.
Sif Muna was exalted by your worship.
You were hungry.

You visited 4 branches of the dungeon, and saw 20 of its levels.
You also visited: Ossuary.

You collected 2174 gold pieces.
You spent 300 gold pieces at shops.

Inventory:

Hand Weapons
 a - the +9 flail of Woliaph {drain, rPois Str+3}
   (You found it on level 1 of the Lair of Beasts)

   A truly terrible weapon, it drains the life of those it strikes.
   It affects your strength (+3).
   It protects you from poison.
 b - the +5 war axe "Jehal" (weapon) {speed, MR+}
   (You found it on level 4 of the Lair of Beasts)

   Attacks with this weapon are significantly faster.
   It affects your resistance to hostile enchantments.
 v - a +1 dagger of electrocution
Armour
 c - a +0 pair of boots (worn)
 f - a +1 pair of gloves (worn)
 s - a +1 cloak
 t - a +0 medium shield
 y - a scarf of repulsion (worn)
 R - a +0 buckler (worn)
Jewellery
 j - the ring "Ruiris" {Fire rElec}
   (You found it on level 2 of the Dungeon)

   [ring of fire]

   It enhances your fire magic.
   It protects you from fire.
   It makes you vulnerable to cold.
   It insulates you from electricity.
 I - a ring of wizardry (left hand)
 O - a ring of protection from cold (right hand)
 S - an amulet of magic regeneration (around neck)
 T - an uncursed ring of positive energy
 V - an uncursed ring of protection from fire
Wands
 r - a wand of flame (37)
 H - a wand of acid (15)
 M - a wand of iceblast (9)
 N - a wand of clouds (6)
Scrolls
 g - a scroll of fear
 h - 5 scrolls of revelation
 k - 11 scrolls of teleportation
 l - 2 scrolls of amnesia
 o - 2 scrolls of enchant weapon
 q - 2 scrolls of immolation
 x - 6 scrolls of remove curse
 D - a scroll of noise
 F - a scroll of blinking
Potions
 d - 14 potions of curing
 m - 6 potions of lignification
 n - 3 potions of brilliance
 p - a potion of heal wounds
 w - 6 potions of flight
 z - a potion of mutation
 A - 2 potions of agility
 B - 2 potions of ambrosia
 C - 2 potions of haste
 G - 3 potions of cancellation
 J - a potion of invisibility
 L - 2 potions of might
 P - 4 potions of magic
 Q - 2 potions of berserk rage
Miscellaneous
 K - a lightning rod (4/4)
Comestibles
 e - 41 rations {!d}
 i - 29 chunks of flesh


   Skills:
 + Level 8.1 Fighting
 - Level 14.0 Dodging
 - Level 1.5 Stealth
 * Level 4.3 Shields
 + Level 14.5 Spellcasting
 + Level 14.6 Conjurations
 - Level 7.0 Transmutations
 - Level 8.0 Fire Magic
 + Level 12.5 Ice Magic
 + Level 8.9 Invocations


You had 6 spell levels left.
You knew the following spells:

 Your Spells              Type           Power        Failure   Level  Hunger
a - Magic Dart            Conj           ####         0%          1    None
b - Throw Icicle          Conj/Ice       ######..     1%          4    None
c - Bolt of Cold          Conj/Ice       ######....   1%          6    None
d - Icicle Burst          Conj/Ice       ######....   11%         7    None
e - Fireball              Conj/Fire      ######....   1%          5    None
f - Irradiate             Conj/Tmut      ######....   1%          5    None
o - Orb of Destruction    Conj           ######....   7%          7    None
z - Searing Ray           Conj           ######..     1%          2    None

Your spell library contained the following spells:

 Spells                   Type           Power        Failure   Level  Hunger
 Beastly Appendage        Tmut           ######       1%          1    None
 Freeze                   Ice            ######       1%          1    None
 Ensorcelled Hibernation  Hex/Ice        #####.       1%          2    None
 Passwall                 Tmut/Erth      ####....     1%          2    None
 Sticks to Snakes         Tmut           ######..     1%          2    None
 Throw Frost              Conj/Ice       ######       1%          2    None
 Inner Flame              Hex/Fire       N/A          1%          3    None
 Iskenderun's Mystic Bla  Conj           ######..     1%          3    None
 Mephitic Cloud           Conj/Pois/Air  #####...     1%          3    None
 Ozocubu's Armour         Chrm/Ice       #####...     1%          3    None
 Stone Arrow              Conj/Erth      ######       1%          3    None
 Fulminant Prism          Conj/Hex       ######....   1%          4    None
 Ice Form                 Ice/Tmut       ######..     1%          4    None
 Spider Form              Tmut/Pois      ###          2%          3    None
 Summon Ice Beast         Ice/Summ       #####...     2%          4    None
 Corona                   Hex            ###....      3%          1    None
 Summon Small Mammal      Summ           ###.         3%          1    None
 Ozocubu's Refrigeration  Ice            ######....   3%          6    None
 Bolt of Draining         Conj/Necr      ######....   4%          5    None
 Bolt of Magma            Conj/Fire/Erth ######....   4%          5    None
 Venom Bolt               Conj/Pois      ######....   4%          5    None
 Call Imp                 Summ           ###...       5%          2    None
 Shackle                  Hex            ###.....     5%          2    None
 Blade Hands              Tmut           ######....   5%          5    None
 Freezing Cloud           Ice/Air        #####...     8%          5    None
 Yara's Violent Unravell  Hex/Tmut       ####......   9%          4    None
 Call Canine Familiar     Summ           ###.....     11%         3    None
 False Image              Hex/Summ       ###.....     11%         3    None
 Conjure Ball Lightning   Conj/Air       ######....   26%         6    None
 Iron Shot                Conj/Erth      ######....   26%         6    None
 Poison Arrow             Conj/Pois      ######....   26%         6    None
 Cause Fear               Hex            ###.......   32%         4    None
 Dispel Undead            Necr           ###.....     65%         5    None
 Summon Lightning Spire   Summ/Air       ###.....     65%         5    None
 Glaciate                 Conj/Ice/Air   ######....   99%         8    None
 Haunt                    Necr/Summ      ###.......   100%        7    None


Dungeon Overview and Level Annotations

Branches:
Dungeon (12/12)            Temple (1/1) D:4            Lair (6/6) D:8
  Swamp (0/3) Lair:2        Snake (0/3) Lair:3        Slime (0/5) Orc
    Orc (1/1) D:9          Vaults (0/3) D:11         Forest (0/3) Lair:6
 Depths (0/5) D:12

Altars:
Ashenzari
Dithmenos
Elyvilon
Fedhas
Lugonu
Makhleb
Sif Muna
Uskayaw
Wu Jian
Yredelemnul
Zin
Jiyva

Shops:
D:11 (=   D:12 [%   Orc :

Annotations:
Lair:3 1 runed translucent door, Oluanan's ghost, journeyman DsFi
Lair:6 exclusion: 3 doors


Innate Abilities, Weirdness & Mutations

Your spells do not cause hunger and MP costs are reduced by 1.
Your bright wings attract enemies. (Stealth-)
You cannot fit into any form of body armour.
Your shimmering scales are hard and can block incoming attacks. (AC +8, SH +8)
You are small and have problems with some larger weapons.
You can fly continuously.


Message History

The fiery explosion engulfs the orc warlord!!!
The orc warlord explodes!
The fiery explosion engulfs the slime creature!!!
The slime creature explodes!
The fiery explosion engulfs the orc!!
The orc dies!
The fiery explosion engulfs the two-headed ogre!!!
The fiery explosion engulfs the troll!!!
The troll dies!
The fiery explosion engulfs the orc warrior!!!
The orc warrior dies!
The fiery explosion engulfs you!!
The fiery explosion engulfs the troll!!!
The troll explodes!
The fiery explosion engulfs the troll!! x2
The troll explodes!
The fiery explosion engulfs you!! The fiery explosion engulfs you!
The fiery explosion engulfs you!!!
Ouch! That really hurt!
You die...

....#...........
..#.##......... ...
.......(...... ..).##
#.#........# ..§§#%# ###
#..##.....## ..O§§§§
##.###...........
..§§§§##...###.∩.#......
#§§§§##.#.#...........
#§§§@)......#........
##§§##(........#.....
####..)......##.....
#...).....##..##.
#..)..)..#.....#.
##....))..)......
##...>_....#....
##..).[........
###..)).......


You could see a two-headed ogre.

Vanquished Creatures
  Frances (D:12)
  A frost giant (D:12)
  A dire elephant (Lair:6)
  Azrael (D:12)
  An ice dragon (D:11)
  2 hydras
  7 two-headed ogres
  A satyr (Lair:6)
  A death knight (D:11)
  2 ogre magi (Orc)
  3 spriggans (Lair:6)
  8 death yaks
  A skeletal warrior (D:11)
  An iron troll (D:11)
  2 deep trolls (Orc)
  A goliath frog (Lair:6)
  3 centaur warriors
  A wolf spider zombie (D:11)
  2 orc knights
  4 harpies
  Pikel (D:4)
  4 cyclopes
  3 ugly things
  3 deep elf magi
  A shining eye (shapeshifter) (D:11)
  An orc sorcerer (Orc)
  3 black mambas
  13 elephants
  A guardian serpent (Lair:3)
  Joseph (D:9)
  2 gargoyles
  14 cane toads
  3 torpor snails
  2 rime drakes
  5 komodo dragons
  3 kobold demonologists
  3 freezing wraiths (D:11)
  2 harpy skeletons
  10 trolls
  8 blink frogs
  Grinder (D:5)
  5 hornets
  8 slime creatures
  A bog body (Lair:2)
  9 hippogriffs
  2 meliai zombies
  3 wraiths
  59 yaks
  5 vampires
  3 wyverns
  4 hogs (D:7)
  A basilisk (D:12)
  A basilisk (shapeshifter) (D:12)
  4 fire elementals
  A human (D:7)
  4 wargs
  2 swamp worms (Lair:2)
  An acid dragon (D:11)
  18 crocodiles
  7 water moccasins
  3 hell hounds
  16 porcupines
  A soldier ant (D:12)
  4 sky beasts
  15 orc warriors
  4 ice beasts
  A slave (D:4)
  3 black bears
  A necrophage (D:6)
  4 phantoms
  A hornet zombie (D:11)
  23 ogres
  31 wolves
  2 elf zombies (Ossuary)
  9 bullfrogs
  Blork the orc (D:4)
  19 kobold brigands
  11 centaurs
  A wyvern zombie (D:11)
  7 scorpions
  5 killer bees (D:6)
  4 howler monkeys
  2 electric eels
  9 orc priests
  A bullfrog zombie (D:4)
  5 crimson imps
  6 jellies
  2 quasits
  18 orc wizards
  A gnoll shaman (D:10)
  4 hounds
  2 human zombies (Ossuary)
  Jessica (D:3)
  Ijyb (D:4)
  3 bullfrog skeletons
  4 iguanas
  6 worker ants
  4 hell rats (D:8)
  5 kobold zombies (Ossuary)
  2 hound zombies
  3 mummies (Ossuary)
  A worker ant zombie (D:5)
  A howler monkey skeleton (D:7)
  2 howler monkey zombies
  9 gnolls
  2 adders (D:2)
  2 centaur zombies (Ossuary)
  4 shadow imps
  7 adder zombies
  3 adder skeletons
  4 worms
  4 dart slugs
  A leopard gecko (D:6)
  68 orcs
  A gnoll zombie (Ossuary)
  8 hobgoblins
  9 jackals
  3 quokkas
  A ball python (D:4)
  3 bats (D:1)
  2 frilled lizards
  6 goblins
  6 goblin zombies (Ossuary)
  3 hobgoblin zombies (Ossuary)
  A jackal skeleton (D:4)
  4 jackal zombies
  18 kobolds
  2 orc zombies
  5 quokka zombies
  3 rats
  A rat zombie (Ossuary)
  A bush (Lair:6)
  2 fungi
  A plant (Lair:6)
699 creatures vanquished.

Vanquished Creatures (others)
  An orc warlord (Orc)
  A two-headed ogre (Orc)
  4 trolls (Orc)
  4 slime creatures (Orc)
  An orc warrior (Orc)
  A hound (D:12)
  3 orcs
  A quokka zombie (D:4)
  14 fungi
  12 plants
  5 withered plants (Lair:6)
47 creatures vanquished.

Grand Total: 746 creatures vanquished

Notes
Turn   | Place    | Note
-------+----------+-------------------------------------------
     0 | D:1      | TheWayOfAllFlesh the Fairy Conjurer began the quest for the
                  | Orb.
     0 | D:1      | Reached XP level 1. HP: 11/11 MP: 5/5
     3 | D:1      | Noticed an electric eel
     4 | D:1      | Noticed an electric eel
   109 | D:1      | Reached skill level 5 in Conjurations
   183 | D:1      | Reached XP level 2. HP: 17/17 MP: 7/7
   188 | D:1      | Learned a level 2 spell: Searing Ray
   880 | D:2      | Reached XP level 3. HP: 21/21 MP: 8/8
   943 | D:2      | Got a bound silver ring
  1281 | D:2      | Found a faded altar of an unknown god.
  1541 | D:2      | Reached XP level 4. HP: 27/27 MP: 4/10
  1694 | D:2      | Found a shadowy altar of Dithmenos.
  1869 | D:3      | Reached XP level 5. HP: 27/31 MP: 1/12
  1957 | D:3      | Noticed Jessica
  1968 | D:3      | Killed Jessica
  2296 | D:3      | Reached skill level 5 in Dodging
  2296 | D:3      | Reached XP level 6. HP: 36/36 MP: 4/14
  2413 | D:3      | Learned a level 3 spell: Iskenderun's Mystic Blast
  2503 | D:4      | Noticed a phantom
  2518 | D:4      | Killed a phantom
  2519 | D:4      | Reached skill level 5 in Spellcasting
  2651 | D:4      | Noticed Pikel
  2671 | D:4      | Noticed a slave
  2676 | D:4      | Noticed a slave
  2676 | D:4      | Noticed a slave
  2677 | D:4      | Noticed a slave
  2681 | D:4      | Killed Pikel
  2681 | D:4      | Killed a slave
  2682 | D:4      | Reached XP level 7. HP: 40/41 MP: 0/17
  2682 | D:4      | Reached XP level 8. HP: 45/46 MP: 0/18
  2887 | D:4      | Found a staircase to the Ecumenical Temple.
  2908 | Temple   | Entered the Ecumenical Temple
  2945 | Temple   | Became a worshipper of Sif Muna the Loreminder
  3053 | D:4      | Identified the ring "Ruiris" {Fire rElec} (You found it on
                  | level 2 of the Dungeon)
  3364 | D:4      | Noticed Blork the orc
  3368 | D:4      | Killed Blork the orc
  3541 | D:4      | Noticed Ijyb
  3543 | D:4      | Killed Ijyb
  3753 | D:5      | Entered Level 5 of the Dungeon
  3870 | D:5      | Reached * piety under Sif Muna
  4023 | D:5      | Reached XP level 9. HP: 51/51 MP: 9/22
  4459 | D:5      | Noticed Grinder
  4464 | D:5      | Killed Grinder
  4695 | D:5      | Reached ** piety under Sif Muna
  4958 | D:6      | Reached skill level 10 in Conjurations
  5052 | D:6      | Identified Sif Muna's Papyrus of Dark Magic and Ice (Sif
                  | Muna gifted it to you on level 6 of the Dungeon)
  5052 | D:6      | Received a gift from Sif Muna
  5107 | D:6      | Learned a level 4 spell: Throw Icicle
  5269 | D:6      | Reached skill level 10 in Dodging
  5343 | D:6      | Reached skill level 1 in Ice Magic
  5346 | D:6      | Reached skill level 1 in Fighting
  5497 | D:6      | Reached *** piety under Sif Muna
  5497 | D:6      | Reached XP level 10. HP: 60/60 MP: 21/24
  5749 | D:6      | Found a white marble altar of Elyvilon.
  5871 | D:7      | Found a burning altar of Makhleb.
  5871 | D:7      | Found an ornate altar of the Wu Jian Council.
  5872 | D:7      | Found a blossoming altar of Fedhas.
  6036 | D:7      | Found a sand-covered staircase.
  6054 | D:7      | Reached skill level 5 in Ice Magic
  6059 | Ossuary  | Entered an ossuary
  6158 | Ossuary  | Reached skill level 10 in Spellcasting
  6429 | Ossuary  | Reached **** piety under Sif Muna
  6986 | D:7      | Found a glowing silver altar of Zin.
  7438 | D:8      | Noticed a death yak
  7447 | D:8      | Noticed a death yak
  7458 | D:7      | Reached XP level 11. HP: 38/69 MP: 17/26
  7593 | D:8      | Identified Gulumn's Compendium of Arcane Weapons and Cold
                  | (Sif Muna gifted it to you on level 8 of the Dungeon)
  7593 | D:8      | Received a gift from Sif Muna
  7638 | D:8      | Learned a level 5 spell: Fireball
  7686 | D:8      | Reached ***** piety under Sif Muna
  7687 | D:8      | Reached skill level 1 in Fire Magic
  8056 | D:8      | Found a staircase to the Lair.
  8058 | D:8      | Noticed a death yak
  8109 | D:8      | Killed a death yak
  8227 | D:7      | Killed a death yak
  8347 | D:7      | Killed a death yak
  8348 | D:7      | Reached skill level 1 in Invocations
  8970 | D:9      | Noticed Joseph
  9000 | D:9      | Killed Joseph
  9192 | D:9      | Found a staircase to the Orcish Mines.
  9727 | D:10     | Entered Level 10 of the Dungeon
  9803 | D:9      | Reached skill level 5 in Fighting
  9803 | D:9      | Reached skill level 5 in Fire Magic
 10263 | D:10     | Noticed an orc knight
 10275 | D:9      | Reached XP level 12. HP: 69/77 MP: 17/28
 10308 | D:9      | Learned a level 5 spell: Irradiate
 10421 | D:10     | Reached skill level 1 in Transmutations
 10513 | D:10     | Identified Sif Muna's Compendium of Noxious Combat Magic
                  | (Sif Muna gifted it to you on level 10 of the Dungeon)
 10513 | D:10     | Received a gift from Sif Muna
 10541 | D:10     | Reached ****** piety under Sif Muna
 11586 | Lair:1   | Entered Level 1 of the Lair of Beasts
 11685 | Lair:1   | Got a slimy flail
 12610 | Lair:2   | Reached XP level 13. HP: 82/83 MP: 12/30
 13021 | Lair:2   | Received a gift from Sif Muna
 13021 | Lair:2   | Reached skill level 5 in Invocations
 13088 | Lair:2   | Learned a level 6 spell: Bolt of Cold
 13607 | Lair:2   | Found a staircase to the Swamp.
 13987 | Lair:3   | Found a staircase to the Snake Pit.
 14266 | Lair:3   | Noticed Oluanan's ghost (journeyman DsFi)
 14270 | Lair:3   | Found a runed translucent door.
 14311 | Lair:3   | Identified the +9 flail of Woliaph {drain, rPois Str+3}
                  | (You found it on level 1 of the Lair of Beasts)
 15314 | Lair:4   | Reached skill level 5 in Transmutations
 16042 | Lair:4   | Reached XP level 14. HP: 90/90 MP: 32/32
 16201 | Lair:4   | Got a masterwork war axe
 16605 | Lair:4   | Learned a level 7 spell: Orb of Destruction
 16808 | Lair:5   | Identified the +5 war axe "Jehal" {speed, MR+} (You found
                  | it on level 4 of the Lair of Beasts)
 17078 | Lair:5   | Identified Sif Muna's Guide on Conjuration and
                  | Weightlessness (Sif Muna gifted it to you on level 5 of the
                  | Lair of Beasts)
 17078 | Lair:5   | Received a gift from Sif Muna
 17184 | Lair:5   | Learned a level 7 spell: Icicle Burst
 17958 | Lair:6   | Entered Level 6 of the Lair of Beasts
 18439 | Lair:6   | Reached skill level 10 in Ice Magic
 18551 | Lair:6   | Noticed a dire elephant
 18551 | Lair:6   | Noticed a dire elephant
 18551 | Lair:6   | Noticed a dire elephant
 18551 | Lair:6   | Noticed a dire elephant
 18551 | Lair:6   | Noticed a dire elephant
 18555 | Lair:6   | Killed a dire elephant
 18561 | Lair:6   | Noticed a dire elephant
 18781 | Lair:6   | Found a staircase to the Spriggan Forest.
 19574 | D:11     | Found Ikkitara's Weapon Emporium.
 19701 | D:11     | Found Uvyokkam's Jewellery Shoppe.
 19715 | D:11     | Bought an uncursed amulet of magic regeneration for 300
                  | gold pieces
 19888 | D:11     | Identified the +5 chain mail "Elleuvoe" {rCorr Dex+4}
 19981 | D:11     | Received a gift from Sif Muna
 20157 | D:11     | Reached XP level 15. HP: 88/97 MP: 15/33
 20192 | D:11     | Found a gate to the Vaults.
 20548 | D:12     | Entered Level 12 of the Dungeon
 20677 | D:12     | Noticed Azrael
 20752 | D:12     | Killed Azrael
 20848 | D:12     | Noticed Frances
 20857 | D:12     | Killed Frances
 21034 | D:12     | Found Xirut's Antique Armour Shoppe.
 21039 | D:12     | Found Das Yxzu's Food Boutique.
 21818 | D:12     | Noticed a frost giant
 21826 | D:12     | Killed a frost giant
 21827 | D:12     | Reached skill level 1 in Shields
 21854 | D:12     | Found a staircase to the Depths.
 22442 | Orc      | Entered the Orcish Mines
 22519 | Orc      | Found a viscous altar of Jiyva.
 22519 | Orc      | Found a staircase to the Slime Pits.
 22545 | Orc      | Received a gift from Sif Muna
 22843 | Orc      | Found Jeucudd's Book Emporium.
 22981 | Orc      | Noticed an orc warlord
 22988 | Orc      | Killed an orc warlord
 22988 | Orc      | Killed from afar by a slime creature

Skill      XL: |  1  2  3  4  5  6  7  8  9 10 11 12 13 14 15 |
---------------+----------------------------------------------+-----
Dodging        | 3 4 5 7 8 10 11 12 13 14 | 14.0
Conjurations   | 5 6 7 9 10 11 12 13 14 | 14.6
Spellcasting   | 3 4 6 8 9 10 11 12 13 14 | 14.5
Ice Magic      | 3 6 7 9 11 12 | 12.5
Fighting       | 1 4 5 6 7 8 |  8.1
Fire Magic     | 5 8 |  8.0
Invocations    | 2 4 6 7 8 |  8.9
Transmutations | 3 5 7 |  7.0
Shields        | 4 |  4.3
Stealth        | |  1.5

Action                   |  1- 3 |  4- 6 |  7- 9 | 10-12 | 13-15 || total
-------------------------+-------+-------+-------+-------+-------++-------
Melee: Dagger            |       |       |     3 |    14 |       ||    17
       Flail             |       |       |       |       |     8 ||     8
       War axe           |       |       |       |       |    27 ||    27
 Cast: Magic Dart        |    56 |    50 |    63 |   232 |   151 ||   552
       Searing Ray       |     4 |     9 |    32 |    51 |    22 ||   118
       Iskenderun's Myst |       |     6 |    39 |    41 |     5 ||    91
       Throw Icicle      |       |       |       |   152 |   274 ||   426
       Fireball          |       |       |       |    37 |    78 ||   115
       Irradiate         |       |       |       |    11 |    15 ||    26
       Bolt of Cold      |       |       |       |       |    80 ||    80
       Icicle Burst      |       |       |       |       |    23 ||    23
       Orb of Destructio |       |       |       |       |    28 ||    28
Invok: Divine Energy     |       |       |       |     1 |     3 ||     4
       Forget Spell      |       |       |       |       |     1 ||     1
       Channel Magic     |       |       |       |       |     1 ||     1
Evoke: Wand              |       |       |       |       |     6 ||     6
  Use: Scroll            |       |       |     4 |    15 |    13 ||    32
  Eat: Chunk             |     2 |     4 |    12 |    24 |    44 ||    86
       Ration            |       |       |       |     2 |       ||     2
Armor: Skin              |     1 |     5 |     8 |    40 |    32 ||    86
Dodge: Dodged            |     9 |    14 |    75 |   249 |   305 ||   652
       Deflected         |       |       |       |     6 |    21 ||    27
Block: Other             |     4 |     6 |    21 |    84 |   101 ||   216
       Buckler           |       |       |       |       |     9 ||     9
